TOP OF THE 1ST |
Cedar Rapids Kernels batting - Pitching for Quad Cities River Bandits : RHP Robin Yelland
|
Pitching: RHP Robin Yelland
|
|
Batting: LHB Jim Pankratz
|
0-0: Ball 1-0: Foul Ball, location: 2F 1-1: Ball 2-1: Foul Ball, location: 2F 2-2: Ball 3-2: Foul Ball, location: 2F 3-2: Base on Balls
|
Batting: SHB Shohei Fujii
|
0-0: Called Strike 0-1: Ball 1-1: Swinging Strike 1-2: Strikes out swinging
|
Batting: RHB Matt Dunn
|
0-0: Ball 1-0: Called Strike Jim Pankratz steals 2nd base (no throw) 1-1: Fly out, F5 (Line Drive, 5, EV 61.9 MPH)
|
Batting: LHB Israel Montoya
|
0-0: Called Strike 0-1: Swinging Strike 0-2: Foul Ball, location: 2F 0-2: Fly out, F8 (Flyball, 78M, EV 79.4 MPH)
|
Top of the 1st over - 0 runs, 0 hits, 0 errors, 1 left on base; Cedar Rapids 0 - Quad Cities 0 |
BOTTOM OF THE 1ST |
Quad Cities River Bandits batting - Pitching for Cedar Rapids Kernels : RHP Matthew Lange
|
Pitching: RHP Matthew Lange
|
|
Batting: LHB Kelvin Jones
|
0-0: Swinging Strike 0-1: Ball 1-1: Swinging Strike 1-2: Foul Ball, location: 2F 1-2: Strikes out swinging
|
Batting: RHB Jamie Jennings
|
0-0: Ball 1-0: Foul Ball, location: 2F 1-1: Called Strike 1-2: Foul Ball, location: 2F 1-2: Fly out, F8 (Flyball, 8LD, EV 89.4 MPH)
|
Batting: LHB Doug Anderson
|
0-0: Ball 1-0: Ball 2-0: Called Strike 2-1: Ball 3-1: Base on Balls
|
Batting: RHB Pete Isley
|
0-0: SINGLE (Flyball, 56D, EV 96.9 MPH) Doug Anderson to second Doug Anderson to third
|
Batting: RHB Raul Sanchez
|
0-0: Ball 1-0: Ball Pete Isley steals 2nd base 2-0: Called Strike 2-1: Swinging Strike 2-2: Strikes out swinging
|
Bottom of the 1st over - 0 runs, 1 hit, 0 errors, 2 left on base; Cedar Rapids 0 - Quad Cities 0 |
TOP OF THE 2ND |
Cedar Rapids Kernels batting - Pitching for Quad Cities River Bandits : RHP Robin Yelland
|
Batting: RHB Mike Craver
|
0-0: Ball 1-0: Foul Ball, location: 2F 1-1: Called Strike 1-2: Ball 2-2: Ball 3-2: Base on Balls
|
Batting: LHB Mike Handrahan
|
0-0: Ball Mike Craver steals 2nd base 1-0: Called Strike 1-1: Ball 2-1: Swinging Strike 2-2: Foul Ball, location: 2F 2-2: Strikes out looking
|
Batting: RHB Jake Wirthlin
|
0-0: Ball Mike Craver steals 3rd base 1-0: Called Strike 1-1: Ground out 1-3 (Groundball, 13, EV 69.4 MPH)
|
Batting: RHB Orlando Blanco
|
0-0: DOUBLE (Flyball, 8LXD, EV 114.4 MPH) Mike Craver scores
|
Batting: SHB Duri Chilemba
|
0-0: Foul Ball, location: 2F 0-1: SINGLE (Line Drive, 9S, EV 100.6 MPH) Orlando Blanco to third Runner from 3rd tries for Home, throw by RF and OUT! 9-2
|
Top of the 2nd over - 1 run, 2 hits, 0 errors, 1 left on base; Cedar Rapids 1 - Quad Cities 0 |
BOTTOM OF THE 2ND |
Quad Cities River Bandits batting - Pitching for Cedar Rapids Kernels : RHP Matthew Lange
|
Batting: SHB Paskar Adegoke
|
0-0: DOUBLE (Flyball, 78D, EV 111.3 MPH)
|
Batting: RHB Joe Cook
|
0-0: Ball 1-0: Swinging Strike 1-1: Ground out 4-3 (Groundball, 4S, EV 83.8 MPH) Paskar Adegoke to third
|
Batting: RHB Colin Cranford
|
0-0: Ball 1-0: Ball 2-0: Called Strike 2-1: Ball 3-1: Called Strike 3-2: Foul Ball, location: 2F 3-2: Foul Ball, location: 2F 3-2: Strikes out looking
|
Batting: RHB Steve Moore
|
0-0: Fly out, F9 (Flyball, 89D, EV 104.4 MPH)
|
Bottom of the 2nd over - 0 runs, 1 hit, 0 errors, 1 left on base; Cedar Rapids 1 - Quad Cities 0 |
TOP OF THE 3RD |
Cedar Rapids Kernels batting - Pitching for Quad Cities River Bandits : RHP Robin Yelland
|
Batting: LHB Jim Pankratz
|
0-0: Called Strike 0-1: Foul Ball, location: 2F 0-2: SINGLE (Flyball, 78S, EV 93.8 MPH)
|
Batting: SHB Shohei Fujii
|
0-0: Ball 1-0: Hit by Pitch Jim Pankratz to second
|
Batting: RHB Matt Dunn
|
0-0: Called Strike 0-1: Foul Ball, location: 2F 0-2: Ball 1-2: Foul Ball, location: 2F 1-2: Ball 2-2: DOUBLE (Flyball, 8LXD, EV 111.3 MPH) Jim Pankratz scores Shohei Fujii to third
|
Batting: LHB Israel Montoya
|
0-0: Ball 1-0: Ball 2-0: Called Strike 2-1: Fly out, F5 (Popup, 56S, EV 81.3 MPH)
|
Batting: RHB Mike Craver
|
0-0: Fly out, F7 (Flyball, 7S, EV 84.4 MPH)
|
Batting: LHB Mike Handrahan
|
0-0: Ball 1-0: Called Strike 1-1: Ball 2-1: SINGLE (Line Drive, 89S, EV 91.3 MPH) Shohei Fujii scores Matt Dunn to third
|
Batting: RHB Jake Wirthlin
|
0-0: Ball 1-0: Fielders Choice at 2nd, U4 (Groundball, 4M, EV 85.0 MPH)
|
Top of the 3rd over - 2 runs, 3 hits, 0 errors, 2 left on base; Cedar Rapids 3 - Quad Cities 0 |
BOTTOM OF THE 3RD |
Quad Cities River Bandits batting - Pitching for Cedar Rapids Kernels : RHP Matthew Lange
|
Batting: LHB Kelvin Jones
|
0-0: Called Strike 0-1: Foul Ball, location: 2F 0-2: Ball 1-2: Ball 2-2: Ball 3-2: Foul Ball, location: 2F 3-2: Foul Ball, location: 2F 3-2: Base on Balls
|
Batting: RHB Jamie Jennings
|
0-0: Ball Kelvin Jones steals 2nd base 1-0: Fly out, F8 (Flyball, 8RD, EV 85.0 MPH)
|
Batting: LHB Doug Anderson
|
0-0: Ball 1-0: Called Strike Kelvin Jones steals 3rd base 1-1: Ball 2-1: Foul Ball, location: 2F 2-2: Fly out, F8 (Flyball, 8RS, EV 93.8 MPH) Runner from 3rd tags up, SCORES, throw by CF
|
Batting: RHB Pete Isley
|
0-0: Called Strike 0-1: Ball 1-1: Fly out, F8 (Flyball, 78M, EV 93.8 MPH)
|
Bottom of the 3rd over - 1 run, 0 hits, 0 errors, 0 left on base; Cedar Rapids 3 - Quad Cities 1 |
TOP OF THE 4TH |
Cedar Rapids Kernels batting - Pitching for Quad Cities River Bandits : RHP Robin Yelland
|
Batting: RHB Orlando Blanco
|
0-0: Called Strike 0-1: Foul Ball, location: 2F 0-2: Strikes out swinging
|
Batting: SHB Duri Chilemba
|
0-0: Fly out, F9 (Flyball, 9, EV 86.3 MPH)
|
Batting: LHB Jim Pankratz
|
0-0: Ball 1-0: Swinging Strike 1-1: Ball 2-1: SOLO HOME RUN (Flyball, 9LD, EV 91.9 MPH), Distance : 325 ft
|
Batting: SHB Shohei Fujii
|
0-0: Called Strike 0-1: Ball 1-1: Ball 2-1: Ground out 4-3 (Groundball, 13, EV 81.9 MPH)
|
Top of the 4th over - 1 run, 1 hit, 0 errors, 0 left on base; Cedar Rapids 4 - Quad Cities 1 |
BOTTOM OF THE 4TH |
Quad Cities River Bandits batting - Pitching for Cedar Rapids Kernels : RHP Matthew Lange
|
Batting: RHB Raul Sanchez
|
0-0: Ball 1-0: Foul Ball, location: 2F 1-1: Swinging Strike 1-2: Ball 2-2: Fly out, F7 (Flyball, 7LS, EV 85.6 MPH)
|
Batting: SHB Paskar Adegoke
|
0-0: Foul Ball, location: 2F 0-1: Ball 1-1: Foul Ball, location: 2F 1-2: Strikes out swinging
|
Batting: RHB Joe Cook
|
0-0: Swinging Strike 0-1: Ball 1-1: Called Strike 1-2: Foul Ball, location: 2F 1-2: Strikes out looking
|
Bottom of the 4th over - 0 runs, 0 hits, 0 errors, 0 left on base; Cedar Rapids 4 - Quad Cities 1 |
TOP OF THE 5TH |
Cedar Rapids Kernels batting - Pitching for Quad Cities River Bandits : RHP Robin Yelland
|
Batting: RHB Matt Dunn
|
0-0: Ball 1-0: Foul Ball, location: 2F 1-1: Swinging Strike 1-2: Strikes out swinging
|
Batting: LHB Israel Montoya
|
0-0: Called Strike 0-1: Ball 1-1: Ground out 6-3 (Groundball, 6, EV 105.6 MPH)
|
Batting: RHB Mike Craver
|
0-0: Called Strike 0-1: Ground out 4-3 (Groundball, 34, EV 101.3 MPH)
|
Top of the 5th over - 0 runs, 0 hits, 0 errors, 0 left on base; Cedar Rapids 4 - Quad Cities 1 |
BOTTOM OF THE 5TH |
Quad Cities River Bandits batting - Pitching for Cedar Rapids Kernels : RHP Matthew Lange
|
Batting: RHB Colin Cranford
|
0-0: Called Strike 0-1: Foul Ball, location: 2F 0-2: Ball 1-2: SINGLE (Flyball, 8LS, EV 93.8 MPH)
|
Batting: RHB Steve Moore
|
0-0: Ball Colin Cranford steals 2nd base 1-0: Ball 2-0: Called Strike 2-1: 2-RUN HOME RUN (Flyball, 78XD, EV 99.4 MPH), Distance : 399 ft
|
Batting: LHB Kelvin Jones
|
0-0: Called Strike 0-1: Bunted foul 0-2: Foul Ball, location: 2F 0-2: Ball 1-2: Ball 2-2: Foul Ball, location: 2F 2-2: Ball 3-2: Ground out 4-3 (Groundball, 4M, EV 98.1 MPH)
|
Batting: RHB Jamie Jennings
|
0-0: Reached via error on a dropped throw from 2B, E3 (Groundball, 4M, EV 76.3 MPH)
|
Batting: LHB Doug Anderson
|
0-0: Called Strike 0-1: Foul Ball, location: 2F 0-2: Strikes out looking
|
Batting: RHB Pete Isley
|
0-0: Fielders Choice at 2nd, 6-4 (Groundball, 56, EV 91.9 MPH)
|
Bottom of the 5th over - 2 runs, 2 hits, 1 error, 1 left on base; Cedar Rapids 4 - Quad Cities 3 |
TOP OF THE 6TH |
Cedar Rapids Kernels batting - Pitching for Quad Cities River Bandits : RHP Robin Yelland
|
Batting: LHB Mike Handrahan
|
0-0: Called Strike 0-1: Foul Ball, location: 2F 0-2: Ball 1-2: Strikes out swinging
|
Batting: RHB Jake Wirthlin
|
0-0: Ball 1-0: Foul Ball, location: 2F 1-1: Ball 2-1: Ground out 6-3 (Groundball, 6, EV 101.9 MPH)
|
Batting: RHB Orlando Blanco
|
0-0: Ball 1-0: Ground out 5-3 (Groundball, 56, EV 82.5 MPH)
|
Top of the 6th over - 0 runs, 0 hits, 0 errors, 0 left on base; Cedar Rapids 4 - Quad Cities 3 |
BOTTOM OF THE 6TH |
Quad Cities River Bandits batting - Pitching for Cedar Rapids Kernels : RHP Matthew Lange
|
Batting: RHB Raul Sanchez
|
0-0: Foul Ball, location: 2F 0-1: Ball 1-1: Foul Ball, location: 2F 1-2: Ball 2-2: Ball 3-2: Strikes out looking
|
Batting: SHB Paskar Adegoke
|
0-0: Ground out 6-3 (Groundball, 6M, EV 100.6 MPH)
|
Batting: RHB Joe Cook
|
0-0: SINGLE (Groundball, 6MD, EV 93.8 MPH)
|
Batting: RHB Colin Cranford
|
0-0: Ball Joe Cook steals 2nd base 1-0: SINGLE (Line Drive, 3L, EV 103.1 MPH) Joe Cook to third
|
Batting: RHB Steve Moore
|
0-0: Called Strike 0-1: Ball 1-1: Ball 2-1: Ball 3-1: Fly out, F9 (Line Drive, 9D, EV 89.4 MPH)
|
Bottom of the 6th over - 0 runs, 2 hits, 0 errors, 2 left on base; Cedar Rapids 4 - Quad Cities 3 |
TOP OF THE 7TH |
Cedar Rapids Kernels batting - Pitching for Quad Cities River Bandits : RHP Robin Yelland
|
Batting: SHB Duri Chilemba
|
0-0: Called Strike 0-1: Ground out 6-3 (Groundball, 6, EV 83.8 MPH)
|
Batting: LHB Jim Pankratz
|
0-0: Foul Ball, location: 2F 0-1: Ball 1-1: Ball 2-1: Called Strike 2-2: Ball 3-2: Strikes out swinging
|
Batting: SHB Shohei Fujii
|
0-0: Called Strike 0-1: Foul Ball, location: 2F 0-2: Ball 1-2: Ball 2-2: Ground out U3 (Groundball, 3S, EV 78.1 MPH)
|
Top of the 7th over - 0 runs, 0 hits, 0 errors, 0 left on base; Cedar Rapids 4 - Quad Cities 3 |
BOTTOM OF THE 7TH |
Quad Cities River Bandits batting - Pitching for Cedar Rapids Kernels : RHP Matthew Lange
|
Pitching: LHP Stefano Traversoni
|
|
Batting: LHB Kelvin Jones
|
0-0: Ball 1-0: Foul Ball, location: 2F 1-1: Ball 2-1: Swinging Strike 2-2: Ball 3-2: Foul Ball, location: 2F 3-2: Base on Balls
|
Pitching: RHP Bruce Wight
|
|
Batting: RHB Jamie Jennings
|
0-0: Called Strike 0-1: Ball 1-1: Bunted foul 1-2: Ball 2-2: Foul Ball, location: 2F 2-2: Ball 3-2: DOUBLE (Line Drive, 8LXD, EV 101.9 MPH) Kelvin Jones to third Runner from 3rd tries for Home, SAFE, no throw by CF
|
Batting: LHB Doug Anderson
|
0-0: Intentional Walk
|
Batting: RHB Pete Isley
|
0-0: Ball 1-0: Grounds into double play, 6-4-3 (Groundball, 6, EV 86.3 MPH) Jamie Jennings to third
|
Batting: RHB Raul Sanchez
|
0-0: Ball 1-0: Foul Ball, location: 2F 1-1: Called Strike 1-2: Ball 2-2: Foul Ball, location: 2F 2-2: Ball 3-2: Base on Balls
|
Batting: SHB Paskar Adegoke
|
0-0: Called Strike 0-1: Ball 1-1: Ground out 4-3 (Groundball, 4, EV 83.8 MPH)
|
Bottom of the 7th over - 1 run, 1 hit, 0 errors, 2 left on base; Cedar Rapids 4 - Quad Cities 4 |
TOP OF THE 8TH |
Cedar Rapids Kernels batting - Pitching for Quad Cities River Bandits : RHP Robin Yelland
|
Pitching: RHP Tim Watson
|
|
Batting: RHB Matt Dunn
|
0-0: Called Strike 0-1: Swinging Strike 0-2: Ball 1-2: Strikes out swinging
|
Batting: LHB Israel Montoya
|
0-0: Called Strike 0-1: Called Strike 0-2: Strikes out swinging
|
Batting: RHB Mike Craver
|
0-0: Ball 1-0: Ground out 4-3 (Groundball, 34D, EV 87.5 MPH)
|
Top of the 8th over - 0 runs, 0 hits, 0 errors, 0 left on base; Cedar Rapids 4 - Quad Cities 4 |
BOTTOM OF THE 8TH |
Quad Cities River Bandits batting - Pitching for Cedar Rapids Kernels : RHP Bruce Wight
|
Batting: RHB Joe Cook
|
0-0: Called Strike 0-1: Foul Ball, location: 2F 0-2: Foul Ball, location: 2F 0-2: Ball 1-2: Ball 2-2: Strikes out swinging
|
Batting: RHB Colin Cranford
|
0-0: Swinging Strike 0-1: Ball 1-1: Swinging Strike 1-2: Ball 2-2: Ball 3-2: Base on Balls
|
Batting: RHB Steve Moore
|
0-0: Called Strike Colin Cranford is caught stealing 2nd base 2-4 0-1: Foul Ball, location: 2F 0-2: Foul Ball, location: 2F 0-2: Ball 1-2: Strikes out looking
|
Bottom of the 8th over - 0 runs, 0 hits, 0 errors, 0 left on base; Cedar Rapids 4 - Quad Cities 4 |
TOP OF THE 9TH |
Cedar Rapids Kernels batting - Pitching for Quad Cities River Bandits : RHP Tim Watson
|
Batting: LHB Mike Handrahan
|
0-0: Called Strike 0-1: Ball 1-1: Ball 2-1: Foul Ball, location: 2F 2-2: Foul Ball, location: 2F 2-2: Ball 3-2: SOLO HOME RUN (Flyball, 89XD, EV 100.6 MPH), Distance : 381 ft
|
Batting: RHB Jake Wirthlin
|
0-0: Called Strike 0-1: Foul Ball, location: 2F 0-2: Ball 1-2: Ground out 6-3 (Groundball, 6, EV 79.4 MPH)
|
Batting: RHB Orlando Blanco
|
0-0: Ball 1-0: Swinging Strike 1-1: Ground out 1-3 (Groundball, 15S, EV 64.4 MPH)
|
Batting: SHB Duri Chilemba
|
0-0: Ball 1-0: Called Strike 1-1: Swinging Strike 1-2: Ball 2-2: Foul Ball, location: 2F 2-2: Strikes out swinging
|
Top of the 9th over - 1 run, 1 hit, 0 errors, 0 left on base; Cedar Rapids 5 - Quad Cities 4 |
BOTTOM OF THE 9TH |
Quad Cities River Bandits batting - Pitching for Cedar Rapids Kernels : RHP Bruce Wight
|
Pitching: RHP Steven Legge
|
|
Now at 1B: Brian Gustus
|
|
Batting: LHB Kelvin Jones
|
0-0: Ball 1-0: Ball 2-0: Ball 3-0: Foul Ball, location: 2F 3-1: Base on Balls
|
Batting: RHB Jamie Jennings
|
0-0: Sac Bunt to 13 - play at first, batter OUT! 1-4 Kelvin Jones to second
|
Batting: LHB Doug Anderson
|
0-0: Foul Ball, location: 2F 0-1: Called Strike 0-2: Ball 1-2: Ball 2-2: Ball 3-2: TRIPLE (Flyball, 78XD, EV 93.1 MPH) Kelvin Jones scores
|
Pinch Hitting: LHB Dylan LaRose
|
0-0: Intentional Walk
|
Batting: RHB Raul Sanchez
|
0-0: Called Strike Dylan LaRose steals 2nd base (no throw) 0-1: Called Strike 0-2: Strikes out swinging
|
Batting: SHB Paskar Adegoke
|
0-0: Intentional Walk
|
Batting: SHB Salvador Gomez
|
0-0: Swinging Strike 0-1: Called Strike 0-2: Ball 1-2: Fielders Choice at 2nd, 5-4 (Groundball, 56, EV 83.1 MPH)
|
Bottom of the 9th over - 1 run, 1 hit, 0 errors, 3 left on base; Cedar Rapids 5 - Quad Cities 5 |
TOP OF THE 10TH |
Cedar Rapids Kernels batting - Pitching for Quad Cities River Bandits : RHP Tim Watson
|
Now at 2B: Rob Baker
|
|
Pinch Hitting: LHB Christiaan Smits
|
0-0: SINGLE (Groundball, 4D, EV 106.3 MPH)
|
Batting: SHB Shohei Fujii
|
0-0: Called Strike 0-1: Called Strike 0-2: Strikes out swinging
|
Batting: RHB Matt Dunn
|
0-0: Ball 1-0: Swinging Strike 1-1: Ball 2-1: Foul Ball, location: 2F 2-2: Ball 3-2: Strikes out swinging
|
Batting: LHB Israel Montoya
|
0-0: Ball 1-0: Ball 2-0: Ball 3-0: Called Strike 3-1: Base on Balls Christiaan Smits to second
|
Pinch Runner at 2nd Robby Bryant:
|
|
Batting: RHB Mike Craver
|
0-0: Called Strike 0-1: Swinging Strike 0-2: Ball 1-2: Ball 2-2: Foul Ball, location: 2F 2-2: Foul Ball, location: 2F 2-2: Ball 3-2: Foul Ball, location: 2F 3-2: Ground out 4-3 (Groundball, 4, EV 100.6 MPH)
|
Top of the 10th over - 0 runs, 1 hit, 0 errors, 2 left on base; Cedar Rapids 5 - Quad Cities 5 |
BOTTOM OF THE 10TH |
Quad Cities River Bandits batting - Pitching for Cedar Rapids Kernels : RHP Steven Legge
|
Pitching: LHP Mark Challinor
|
|
Now at 1B: Danny Barajas
|
|
Batting: RHB Colin Cranford
|
0-0: Ball 1-0: Called Strike 1-1: Called Strike 1-2: Strikes out looking
|
Batting: RHB Steve Moore
|
0-0: Ball 1-0: Called Strike 1-1: Ball 2-1: Ground out 6-3 (Groundball, 56, EV 101.9 MPH)
|
Batting: LHB Kelvin Jones
|
0-0: Ball 1-0: Called Strike 1-1: Called Strike 1-2: Ball 2-2: Strikes out swinging
|
Bottom of the 10th over - 0 runs, 0 hits, 0 errors, 0 left on base; Cedar Rapids 5 - Quad Cities 5 |
TOP OF THE 11TH |
Cedar Rapids Kernels batting - Pitching for Quad Cities River Bandits : RHP Tim Watson
|
Pitching: RHP Justin Coney
|
|
Batting: LHB Mike Handrahan
|
0-0: Called Strike 0-1: Foul Ball, location: 2F 0-2: Ball 1-2: Ground out 3-1 (Groundball, 34S, EV 82.5 MPH)
|
Pinch Hitting: RHB Jon Avila
|
0-0: Called Strike 0-1: Ground out 4-3 (Groundball, 4, EV 86.3 MPH)
|
Batting: RHB Orlando Blanco
|
0-0: Foul Ball, location: 2F 0-1: Ball 1-1: Ground out 4-3 (Groundball, 4, EV 110.0 MPH)
|
Top of the 11th over - 0 runs, 0 hits, 0 errors, 0 left on base; Cedar Rapids 5 - Quad Cities 5 |
BOTTOM OF THE 11TH |
Quad Cities River Bandits batting - Pitching for Cedar Rapids Kernels : LHP Mark Challinor
|
Now at 2B: Roberto Camarena
|
|
Batting: RHB Jamie Jennings
|
0-0: Called Strike 0-1: Ball 1-1: Ball 2-1: Ball 3-1: Base on Balls
|
Batting: LHB Doug Anderson
|
0-0: SINGLE (Flyball, 34D, EV 83.1 MPH) Jamie Jennings to second
|
Batting: RHB Rob Baker
|
0-0: Grounds into double play, 6-4-3 (Groundball, 6, EV 105.0 MPH) Jamie Jennings to third
|
Batting: RHB Raul Sanchez
|
0-0: Intentional Walk
|
Batting: SHB Paskar Adegoke
|
0-0: Fielders Choice at 2nd, 5-4 (Groundball, 56, EV 76.9 MPH)
|
Bottom of the 11th over - 0 runs, 1 hit, 0 errors, 2 left on base; Cedar Rapids 5 - Quad Cities 5 |
TOP OF THE 12TH |
Cedar Rapids Kernels batting - Pitching for Quad Cities River Bandits : RHP Justin Coney
|
Batting: SHB Duri Chilemba
|
0-0: Ball 1-0: Called Strike 1-1: DOUBLE (Groundball, 3L, EV 101.3 MPH)
|
Batting: RHB Danny Barajas
|
0-0: Called Strike 0-1: Swinging Strike 0-2: Ball 1-2: Strikes out looking
|
Batting: SHB Shohei Fujii
|
0-0: Foul Ball, location: 2F 0-1: Swinging Strike 0-2: Foul Ball, location: 2F 0-2: Strikes out looking
|
Pitching: RHP Joe Rivin
|
|
Batting: RHB Matt Dunn
|
0-0: Ball 1-0: Ball 2-0: SINGLE (Flyball, 4D, EV 88.8 MPH) Duri Chilemba to third Runner from 3rd tries for Home, SAFE, throw by CF to home Matt Dunn to second
|
Batting: LHB Israel Montoya
|
0-0: Ball 1-0: Foul Ball, location: 2F 1-1: Ball 2-1: Fly out, F7 (Flyball, 7S, EV 83.1 MPH)
|
Top of the 12th over - 1 run, 2 hits, 0 errors, 1 left on base; Cedar Rapids 6 - Quad Cities 5 |
BOTTOM OF THE 12TH |
Quad Cities River Bandits batting - Pitching for Cedar Rapids Kernels : LHP Mark Challinor
|
Batting: SHB Salvador Gomez
|
0-0: Called Strike 0-1: Ball 1-1: Swinging Strike 1-2: Ground out 1-3 (Groundball, 34S, EV 73.1 MPH)
|
Batting: RHB Colin Cranford
|
0-0: Ball 1-0: Ground out 6-3 (Groundball, 56S, EV 68.8 MPH)
|
Batting: RHB Steve Moore
|
0-0: Called Strike 0-1: Fly out, F9 (Flyball, 89M, EV 87.5 MPH)
|
Bottom of the 12th over - 0 runs, 0 hits, 0 errors, 0 left on base; Cedar Rapids 6 - Quad Cities 5 |
|